 Dungeon Crawl Stone Soup version 0.27-a0-40-g5f2be0e231 (webtiles) character file.

Game seed: 9323534416793272079

427 sahdkjhfkaj the Ogre Mage (level 6, -5/53 HPs)
             Began as an Ogre Venom Mage on Jan 6, 2021.
             Was a Follower of Elyvilon.
             Killed by miscasting Olgreb's Toxic Radiance (14 damage)
             ... on level 3 of the Dungeon.
             The game lasted 00:03:39 (4247 turns).

sahdkjhfkaj the Ogre Mage (Ogre Venom Mage)         Turns: 4247, Time: 00:03:39

Health: -5/53      AC:  3    Str: 13    XL:     6   Next: 97%
Magic:  3/16       EV: 10    Int: 18    God:    Elyvilon [*.....]
Gold:   196        SH:  0    Dex:  9    Spells: 2/20 levels left

rFire    . . .     SeeInvis .   (no weapon)
rCold    . . .     Faith    .   (no shield)
rNeg     . . .     Spirit   .   a - +0 robe
rPois    .         Reflect  .   (helmet restricted)
rElec    .         Harm     .   (no cloak)
rCorr    .         Rampage  .   (gloves unavailable)
Will     .....                  (boots unavailable)
Stlth    ++........             (no amulet)
HPRegen  0.17/turn              (no ring)
MPRegen  0.15/turn              (no ring)

@: lethally poisoned (-5 -> -13), very slightly contaminated
A: large, unfitting armour, tough skin 1
a: Renounce Religion, Lesser Healing, Divine Protection


You were on level 3 of the Dungeon.
You worshipped Elyvilon.
Elyvilon was aware of your devotion.
You visited 1 branch of the dungeon, and saw 4 of its levels.

You collected 196 gold pieces.

Inventory:

Armour
 a - a +0 robe (worn)
Jewellery
 l - an uncursed ring of magical power {unknown}
Wands
 o - a wand of paralysis (4)
Scrolls
 b - 7 scrolls of remove curse
 e - 2 scrolls of enchant armour
 h - a scroll of random uselessness {unknown}
 i - a scroll of fog {unknown}
 j - a scroll of fear {unknown}
 k - a scroll of enchant weapon {unknown}
 m - a scroll of magic mapping {unknown}
 q - a scroll of teleportation {unknown}
Potions
 c - a potion of lignification
 d - 2 potions of mutation {unknown}
 f - 2 potions of curing {unknown}
 g - a potion of resistance {unknown}
 n - 2 potions of cancellation {unknown}
 p - a potion of berserk rage {unknown}


   Skills:
 - Level 2.0 Dodging
 - Level 1.7 Stealth
 + Level 7.6 Spellcasting
 - Level 1.0 Transmutations
 - Level 3.0 Poison Magic


You had 2 spell levels left.
You knew the following spells:

 Your Spells              Type           Power        Failure   Level
a - Sting                 Tmut/Pois      56%          4%          1
b - Poisonous Vapours     Pois/Air       24%          9%          2
c - Conjure Flame         Conj/Fire      6%           30%         3
d - Mephitic Cloud        Conj/Pois/Air  10%          21%         3
A - Olgreb's Toxic Radia  Pois           17%          30%         4
B - Blink                 Tloc           N/A          16%         2
I - Ignite Poison         Fire/Tmut/Pois 11%          19%         3

Your spell library contained the following spells:

 Spells                   Type           Power        Failure   Level
 Magic Dart               Conj           24%          11%         1
 Call Imp                 Summ           6%           16%         2
 Slow                     Hex            6%           16%         2
 Confusing Touch          Hex            6%           30%         3
 Gell's Gravitas          Tloc           3%           30%         3
 Petrify                  Tmut/Erth      8%           63%         4
 Yara's Violent Unravell  Hex/Tmut       4%           93%         5
 Metabolic Englaciation   Hex/Ice        3%           96%         5


Dungeon Overview and Level Annotations

Branches:
Dungeon (4/15)
 Temple: D:4-7

Altars:
Elyvilon


Innate Abilities, Weirdness & Mutations

You are too large for most types of armour.
You have tough skin. (AC +1)


Message History

Beogh smites you! The orc hits you with a +0 trident.
The giant cockroach misses you.
Unknown command.
Casting: Olgreb's Toxic Radiance (quite dangerous; 30% risk of failure)
Confirm with . or Enter, or press ? or * to list all spells.
The spell is quite dangerous to cast (30% risk of failure)!
Continue anyway?
You miscast Olgreb's Toxic Radiance.
You feel rather nauseous for a moment!
You are poisoned.
* * * LOW HITPOINT WARNING * * *
You feel sick.
You kill the orc!
The giant cockroach barely misses you. The orc hits you with a +0 club.
* * * LOW HITPOINT WARNING * * *
Okay, then.
Casting: Olgreb's Toxic Radiance (quite dangerous; 30% risk of failure)
Confirm with . or Enter, or press ? or * to list all spells.
The spell is quite dangerous to cast (30% risk of failure)!
Continue anyway?
You miscast Olgreb's Toxic Radiance.
You feel rather nauseous for a moment!
You are more poisoned.
You die...

..†.).###.# ..........#
###.#...#.#.........#
#.......)#
###.###.............#
#........# #.).#
.............# #.....(>.#
..### #............#
#......÷.# <##
##............# ########.#
................oo..# #.#
K.######........o)..# #.#
... #...##..B@##.# #.# ....
#.......#.##.# #.# .##..
.....#...#..[.# #.# .#
#..#...##...###†.##### #.#
..
....................######.#
#.######..##...........##.##
# #....#.................
#.####....#...............†.
#......####.........))......


You could see an orc priest, 2 orcs and a giant cockroach.

Vanquished Creatures
  An ogre (D:4)
  A scorpion (D:4)
  A killer bee (D:4)
  A howler monkey (D:4)
  An orc wizard (D:4)
  A worker ant (D:4)
  A gnoll (D:1)
  7 adders
  An ufetubus (D:4)
  4 worms
  2 dart slugs
  5 leopard geckos
  2 orcs
  5 bats
  5 giant cockroaches
  4 goblins
  7 hobgoblins
  5 jackals
  A quokka (D:3)
  3 ball pythons
  7 frilled lizards
  7 kobolds
  6 rats
78 creatures vanquished.

Notes
Turn   | Place    | Note
-------+----------+-------------------------------------------
     0 | D:1      | sahdkjhfkaj the Ogre Venom Mage began the quest for the
                  | Orb.
     0 | D:1      | Reached XP level 1. HP: 16/16 MP: 3/3
    41 | D:1      | Reached skill level 1 in Transmutations
   127 | D:1      | Reached XP level 2. HP: 15/24 MP: 1/5
   368 | D:1      | Reached skill level 3 in Spellcasting
   472 | D:1      | Reached XP level 3. HP: 28/31 MP: 4/7
   475 | D:1      | Learned a level 2 spell: Poisonous Vapours
   479 | D:1      | Learned a level 3 spell: Ignite Poison
  1458 | D:2      | You fall into a shaft and drop 1 floor!
  1464 | D:3      | Reached skill level 4 in Spellcasting
  1502 | D:3      | Reached XP level 4. HP: 29/39 MP: 0/10
  1523 | D:2      | Learned a level 4 spell: Olgreb's Toxic Radiance
  1787 | D:2      | You fall into a shaft and drop 2 floors!
  2392 | D:4      | Reached skill level 5 in Spellcasting
  2392 | D:4      | Reached XP level 5. HP: 42/45 MP: 6/12
  2421 | D:4      | Found a white marble altar of Elyvilon.
  2604 | D:4      | Noticed an ogre
  2621 | D:4      | Killed an ogre
  2622 | D:4      | Reached skill level 6 in Spellcasting
  2826 | D:4      | Became a worshipper of Elyvilon the Healer
  2985 | D:4      | Reached XP level 6. HP: 42/53 MP: 9/15
  3148 | D:4      | Learned a level 2 spell: Blink
  3156 | D:4      | Learned a level 3 spell: Mephitic Cloud
  3160 | D:4      | Learned a level 3 spell: Conjure Flame
  3275 | D:4      | Reached skill level 7 in Spellcasting
  3894 | D:3      | Reached * piety under Elyvilon
  4247 | D:3      | Killed by miscasting Olgreb's Toxic Radiance

Illustrated notes

Levels and vault maps discovered:
D:1:      matt_arrival_diagonals, layout_loops_ring
D:2:      layout_rooms, st_stairs_9
D:3:      layout_rooms, chequers_ecumenical_altar_simple
D:4:      cheibrodos_barr_body, layout_cave_pods, elyvilon_altar_5

Skill      XL: |  1  2  3  4  5  6 |
---------------+-------------------+-----
Dodging        | 2 |  2.0
Transmutations | 1 |  1.0
Poison Magic   | 3 |  3.0
Spellcasting   | 3 4 5 6 7 |  7.6
Stealth        | |  1.7

Action                   |  1- 3 |  4- 6 || total
-------------------------+-------+-------++-------
Melee: Unarmed           |    65 |    50 ||   115
 Cast: Sting             |    61 |    76 ||   137
       Olgreb's Toxic Ra |       |     5 ||     5
       Ignite Poison     |       |     2 ||     2
  Use: Scroll            |     3 |       ||     3
Armor: Robe              |    49 |    20 ||    69
Dodge: Dodged            |    76 |    59 ||   135

Table legend: (Time is in decaauts)
 A = Elapsed time spent in this place.
 B = Non-inter-level travel time spent in this place.
 C = Inter-level travel time spent in this place.
 D = Time resting spent in this place.
 E = Time spent auto-exploring this place.
 F = Levels seen in this place.
 G = Mean time per level.
                   A        B        C        D        E       F      G
               +--------+--------+--------+--------+--------+-----+--------+
         Total |   4248 |   4182 |     66 |    574 |   3061 |   4 | 1062.0 |
       Dungeon |   4248 |   4182 |     66 |    574 |   3061 |   4 | 1062.0 |
               +--------+--------+--------+--------+--------+-----+--------+

Top non-repeatable levels by time:
     D:4: 1859 daAuts
     D:1: 1173 daAuts
     D:3: 658 daAuts
     D:2: 556 daAuts
